 Dungeon Crawl Stone Soup version 0.31.0-11-ge490571c62 (webtiles) character file.

Game seed: 14755410199628339295

19105 qw the Nimble (level 12, -5/60 HPs)
             Began as a Spriggan Hunter on Feb 4, 2024.
             Was a High Priest of Okawaru.
             Killed from afar by a rime drake (8 damage)
             ... with an icy flash freeze
             ... on level 3 of the Lair of Beasts.
             The game lasted 00:04:15 (9786 turns).

qw the Nimble (Spriggan Hunter)                     Turns: 9786, Time: 00:04:15

Health: -5/60      AC:  8    Str:  7    XL:     12   Next: 33%
Magic:  15/20      EV: 36    Int: 11    God:    Okawaru [*****.]
Gold:   424        SH:  0    Dex: 23    Spells: 11/11 levels left

rFire   . . .        m - +1 hand cannon (flame)
rCold   + . .        (no shield)
rNeg    . . .        n - +3 steam dragon scales
rPois   .            (helmet restricted)
rElec   .            (no cloak)
rCorr   .            (gloves unavailable)
SInv    +            (boots unavailable)
Will    ++...        h - amulet of faith
Stlth   ++           g - +5 ring of evasion
HPRegen 0.30/turn    f - ring of protection from cold
MPRegen 0.17/turn

%: faith
@: finesse-ful, very quick
A: very small, no large weapons, unfitting armour, see invisible, speed 3
a: Renounce Religion, Heroism, Finesse, Duel


You were on level 3 of the Lair of Beasts.
You worshipped Okawaru.
Okawaru was extremely pleased with you.
You visited 2 branches of the dungeon, and saw 12 of its levels.

You collected 683 gold pieces.
You spent 259 gold pieces at shops.


Innate Abilities, Weirdness & Mutations

You are very small and have problems with some larger weapons.
You are too small for most types of armour.
You have supernaturally acute eyesight. (SInv)
You cover ground extremely quickly. (Speed+++)


   Skills:
 - Level 5.0 Fighting
 + Level 13.6 Ranged Weapons
 - Level 2.1 Armour
 - Level 14.1 Dodging
 - Level 1.5 Stealth
 - Level 10.0 Invocations


You had 11 spell levels left.
You didn't know any spells.
Your spell library was empty.

Inventory:

Hand Weapons
 m - a +1 hand cannon of flaming (weapon)
Armour
 l - the +3 hat "Mezi Yxy" {Regen+ Str+2 Dex+3}
   (Okawaru gifted it to you on level 3 of the Lair of Beasts)

   Str+2:     It affects your strength (+2).
   Dex+3:     It affects your dexterity (+3).
   Regen+:    It increases your rate of health regeneration.
 n - +3 steam dragon scales (worn)
Jewellery
 f - a ring of protection from cold (right hand)
 g - a +5 ring of evasion (left hand)
 h - an amulet of faith (around neck)
Wands
 c - a wand of mindburst (20)
 i - a wand of iceblast (22)
Potions
 a - 2 potions of enlightenment
 d - 2 potions of curing
 e - a potion of might
 j - a potion of resistance
 o - a potion of haste

Dungeon Overview and Level Annotations

Branches:
Dungeon (9/15)             Temple (0/1) D:7            Lair (3/5) D:9
  Swamp (0/4) Lair:3       Spider (0/4) Lair:2
    Orc: D:9-12

Altars:
Okawaru

Shops:
D:5 :([   D:6 ?   D:7 (   D:8 :


Message History

The elephant is severely wounded.
The elephant tramples you.
You hold your ground!
The elephant completely misses you. The elephant tramples you!
You hold your ground!
The elephant closely misses you.
9776 ||| READING scroll of teleportation.
As you read the scroll of teleportation, it crumbles to dust.
You feel strangely unstable. The elephant completely misses you. x4
You shoot a bolt. The bolt hits the elephant!!
The bolt burns the elephant!
You kill the elephant!
Okawaru accepts your kill.
You hear a deafening roar!
The elephant misses you. The elephant closely misses you.
You shoot a bolt. The bolt hits the elephant!
The bolt burns the elephant.
The elephant is moderately wounded.
Your surroundings suddenly seem different.
You start resting.
A rime drake is nearby!
You shoot a bolt. The bolt closely misses the rime drake.
The rime drake hisses angrily.
You hear an angry hiss.
You hear a roar!
The rime drake breathes ice at you. The icy flash freeze hits you!
You partially resist.
You are encased in ice.
You shoot a bolt. The bolt closely misses the rime drake.
You shoot a bolt. The bolt misses the black mamba.
The ice encasing you melts away.
A four-headed hydra comes into view.
9783 ||| RETREEEEATING.
9784 ||| INVOKING Finesse.
You can now deal lightning-fast blows.
The black mamba misses you. The black mamba completely misses you.
The rime drake bites you.
You shoot a bolt. The bolt barely misses the rime drake.
The black mamba misses you.
You shoot a bolt. The bolt barely misses the rime drake.
The black mamba misses you. The rime drake breathes ice at you.
The icy flash freeze hits you! You partially resist.
You die...

#.#.### .......
.......#........
.......#........ ..
................
...................
P..(##.............
....#.##.0#k.......
..........@.0..D...
.......#..S.###...
..[....#..###
..........#
..........#
.b........#
....b..P....
.............
..............#


You could see a four-headed hydra, a black mamba and a rime drake (catching
breath).

Vanquished Creatures
  A hydra (Lair:2)
  Sonja (Lair:1)
  Pikel (D:8)
  9 elephants (Lair:3)
  7 cane toads
  Maggie (D:8)
  6 komodo dragons
  A hornet (Lair:3)
  Prince Ribbit (D:8)
  8 blink frogs
  3 wyverns
  13 yaks
  A steam dragon (D:9)
  3 redbacks (Lair:2)
  A basilisk (Lair:1)
  Menkaure (D:5)
  8 water moccasins
  2 ice beasts (D:7)
  3 orc warriors (D:8)
  2 sky beasts
  3 ogres
  A centaur (D:5)
  A lemure (D:8)
  A phantom (D:6)
  7 bullfrogs
  5 kobold brigands
  A gnoll sergeant (D:9)
  3 scorpions
  37 killer bees
  6 howler monkeys
  An electric eel (D:6)
  2 bombardier beetles
  2 hounds (D:6)
  A jelly (D:6)
  A gnoll bouda (D:6)
  4 orc priests
  A sleepcap (D:8)
  Ijyb (D:5)
  11 orc wizards
  Natasha (thrice) (D:4)
  3 iguanas
  4 adders
  17 gnolls
  A ribbon worm (D:2)
  5 dart slugs
  23 orcs
  5 ball pythons
  4 bats
  5 endoplasms
  3 giant cockroaches
  6 goblins
  2 hobgoblins
  4 jackals
  21 kobolds
  6 quokkas
  4 frilled lizards
  7 rats
285 creatures vanquished.

Notes
Turn   | Place    | Note
-------+----------+-------------------------------------------
     0 | D:1      | qw the Spriggan Hunter began the quest for the Orb.
     0 | D:1      | Reached XP level 1. HP: 10/10 MP: 2/2
     0 | D:1      | 0 ||| qw: Version: 0.3-a-160-g6735b56
     0 | D:1      | 0 ||| qw: Game counter: 6104
     0 | D:1      | 0 ||| qw: Melee chars always use a shield: true
     0 | D:1      | 0 ||| qw: God list: Okawaru
     0 | D:1      | 0 ||| qw: Allow faded altars: false
     0 | D:1      | 0 ||| qw: Do Orc after clearing Dungeon:15 true
     0 | D:1      | 0 ||| qw: Do second Lair branch before Depths: true
     0 | D:1      | 0 ||| qw: Lair rune preference: random
     0 | D:1      | 0 ||| qw: Goals: Normal
     0 | D:1      | 0 ||| PLANNING D:1-11
    41 | D:1      | Reached skill level 3 in Dodging
   354 | D:1      | Reached XP level 2. HP: 14/14 MP: 3/3
   542 | D:1      | Reached skill level 4 in Dodging
   829 | D:1      | 829 ||| UPGRADING to +5 ring of evasion.
   830 | D:1      | 830 ||| READING scroll labelled EHEPYIS WASCH.
   855 | D:1      | 855 ||| DRINKING 2 clear potions.
   856 | D:1      | 856 ||| DROPPING scroll of butterflies.
   980 | D:2      | Reached XP level 3. HP: 18/18 MP: 4/4
  1415 | D:2      | 1415 ||| UPGRADING to ring of protection from cold.
  1416 | D:2      | 1416 ||| READING scroll labelled FOCRON HAUFAJ.
  1416 | D:2      | 1416 ||| ENCHANTING +0 shortbow.
  1617 | D:3      | Reached XP level 4. HP: 22/22 MP: 5/5
  1679 | D:3      | Reached skill level 5 in Dodging
  1933 | D:3      | Reached XP level 5. HP: 26/26 MP: 6/6
  1972 | D:3      | 1972 ||| READING scroll labelled PUSMOM QERCHI.
  1973 | D:3      | 1973 ||| READING scroll labelled MALUSE VODUNG.
  1977 | D:3      | 1977 ||| READING scroll labelled YTEGROVUUTZ.
  1977 | D:3      | 1977 ||| ENCHANTING +1 shortbow.
  1978 | D:3      | 1978 ||| READING scroll labelled YRUFAEBBOM.
  1979 | D:3      | 1979 ||| DRINKING 2 sapphire potions.
  2029 | D:4      | Noticed Natasha
  2031 | D:4      | 2031 ||| FLEEEEING.
  2032 | D:4      | 2032 ||| FLEEEEING.
  2033 | D:4      | 2033 ||| FLEEEEING.
  2034 | D:4      | 2034 ||| FLEEEEING.
  2035 | D:4      | 2035 ||| FLEEEEING.
  2037 | D:4      | 2037 ||| FLEEEEING.
  2041 | D:4      | Killed Natasha
  2171 | D:4      | Noticed Natasha
  2180 | D:4      | Killed Natasha
  2181 | D:4      | Reached skill level 6 in Ranged Weapons
  2181 | D:4      | Reached XP level 6. HP: 23/30 MP: 7/7
  2256 | D:4      | HP: 3/30 [ogre/+0 giant club (27)]
  2257 | D:4      | 2257 ||| DRINKING potion of heal wounds.
  2259 | D:4      | Reached skill level 6 in Dodging
  2311 | D:4      | Noticed Natasha
  2319 | D:4      | Killed Natasha
  2464 | D:4      | 2464 ||| DROPPING ring of flight.
  2465 | D:4      | 2465 ||| READING scroll labelled ZOPPEG BURR.
  2466 | D:4      | 2466 ||| READING scroll labelled MUYLAU TEOGA.
  2500 | D:5      | Entered Level 5 of the Dungeon
  2606 | D:5      | Found Miogrit's Weapon Emporium.
  2635 | D:5      | Found Ubienubb's Antique Armour Shoppe.
  2921 | D:5      | 2921 ||| READING scroll of enchant weapon.
  2921 | D:5      | 2921 ||| ENCHANTING +1 shortbow.
  3033 | D:5      | Noticed Menkaure
  3034 | D:5      | 3034 ||| ZAPPING wand of iceblast (14) at 3,4 (Menkaure;
                  | floor).
  3035 | D:5      | 3035 ||| ZAPPING wand of iceblast (13) at 3,4 (Menkaure;
                  | floor).
  3036 | D:5      | 3036 ||| ZAPPING wand of iceblast (12) at 3,4 (Menkaure;
                  | floor).
  3037 | D:5      | 3037 ||| ZAPPING wand of iceblast (11) at 3,4 (Menkaure;
                  | floor).
  3037 | D:5      | Killed Menkaure
  3038 | D:5      | Reached XP level 7. HP: 19/35 MP: 8/8
  3039 | D:5      | 3039 ||| FLEEEEING.
  3044 | D:5      | 3044 ||| FLEEEEING.
  3045 | D:5      | 3045 ||| FLEEEEING.
  3046 | D:5      | 3046 ||| FLEEEEING.
  3047 | D:5      | 3047 ||| FLEEEEING.
  3049 | D:5      | 3049 ||| FLEEEEING.
  3050 | D:5      | 3050 ||| FLEEEEING.
  3051 | D:5      | 3051 ||| FLEEEEING.
  3052 | D:5      | 3052 ||| FLEEEEING.
  3053 | D:5      | 3053 ||| FLEEEEING.
  3054 | D:5      | 3054 ||| FLEEEEING.
  3055 | D:5      | 3055 ||| FLEEEEING.
  3056 | D:5      | 3056 ||| FLEEEEING.
  3058 | D:5      | 3058 ||| FLEEEEING.
  3061 | D:5      | 3061 ||| FLEEEEING.
  3062 | D:5      | 3062 ||| FLEEEEING.
  3063 | D:5      | 3063 ||| FLEEEEING.
  3064 | D:5      | 3064 ||| FLEEEEING.
  3065 | D:5      | 3065 ||| FLEEEEING.
  3066 | D:5      | 3066 ||| FLEEEEING.
  3067 | D:5      | 3067 ||| FLEEEEING.
  3068 | D:5      | 3068 ||| FLEEEEING.
  3069 | D:5      | 3069 ||| FLEEEEING.
  3070 | D:5      | 3070 ||| FLEEEEING.
  3073 | D:5      | 3073 ||| FLEEEEING.
  3074 | D:5      | 3074 ||| FLEEEEING.
  3075 | D:5      | 3075 ||| FLEEEEING.
  3076 | D:5      | 3076 ||| FLEEEEING.
  3077 | D:5      | 3077 ||| FLEEEEING.
  3078 | D:5      | 3078 ||| FLEEEEING.
  3081 | D:5      | 3081 ||| FLEEEEING.
  3082 | D:5      | 3082 ||| FLEEEEING.
  3083 | D:5      | 3083 ||| FLEEEEING.
  3084 | D:5      | 3084 ||| FLEEEEING.
  3085 | D:5      | 3085 ||| FLEEEEING.
  3086 | D:5      | 3086 ||| FLEEEEING.
  3088 | D:5      | 3088 ||| FLEEEEING.
  3089 | D:5      | 3089 ||| FLEEEEING.
  3090 | D:5      | 3090 ||| FLEEEEING.
  3092 | D:5      | 3092 ||| FLEEEEING.
  3093 | D:5      | 3093 ||| FLEEEEING.
  3094 | D:5      | 3094 ||| FLEEEEING.
  3096 | D:5      | 3096 ||| FLEEEEING.
  3097 | D:5      | 3097 ||| FLEEEEING.
  3098 | D:5      | 3098 ||| FLEEEEING.
  3099 | D:5      | 3099 ||| FLEEEEING.
  3100 | D:5      | 3100 ||| FLEEEEING.
  3101 | D:5      | 3101 ||| FLEEEEING.
  3102 | D:5      | 3102 ||| FLEEEEING.
  3103 | D:5      | 3103 ||| FLEEEEING.
  3104 | D:5      | 3104 ||| FLEEEEING.
  3154 | D:5      | Reached skill level 7 in Dodging
  3220 | D:5      | Found Asmaggeo's Book Emporium.
  3224 | D:5      | Noticed Ijyb
  3243 | D:5      | Killed Ijyb
  3470 | D:5      | 3470 ||| SWAPPING to +0 orcbow.
  3471 | D:5      | 3471 ||| DROPPING +2 shortbow.
  3595 | D:5      | 3595 ||| UPGRADING to amulet of faith.
  3626 | D:6      | HP: 8/35 [ogre/+0 giant club (27)]
  3627 | D:6      | 3627 ||| READING scroll of teleportation.
  3628 | D:6      | 3628 ||| DRINKING potion of heal wounds.
  3636 | D:6      | Reached skill level 3 in Fighting
  3686 | D:6      | Reached XP level 8. HP: 40/40 MP: 9/9
  3703 | D:6      | 3703 ||| READING scroll of enchant weapon.
  3703 | D:6      | 3703 ||| ENCHANTING +0 orcbow.
  3772 | D:6      | Reached skill level 8 in Dodging
  3827 | D:6      | Found an iron altar of Okawaru.
  3828 | D:6      | 3828 ||| PLANNING OKAWARU WORSHIP
  3828 | D:6      | 3828 ||| READING scroll labelled GEPLIX UTHRYAL.
  3834 | D:6      | Became a worshipper of Warmaster Okawaru
  3835 | D:6      | 3835 ||| PLANNING D:1-11
  4149 | D:6      | Found Qaukkis's Magic Scroll Emporium.
  4159 | D:6      | 4159 ||| BUYING scroll of enchant armour (105 gold).
  4159 | D:6      | Bought a scroll of enchant armour for 105 gold pieces
  4159 | D:6      | 4159 ||| BUYING scroll of identify (28 gold).
  4159 | D:6      | Bought a scroll of identify for 28 gold pieces
  4159 | D:6      | 4159 ||| BUYING scroll of teleportation (42 gold).
  4159 | D:6      | Bought a scroll of teleportation for 42 gold pieces
  4159 | D:6      | 4159 ||| BUYING scroll of teleportation (42 gold).
  4159 | D:6      | Bought a scroll of teleportation for 42 gold pieces
  4159 | D:6      | 4159 ||| BUYING scroll of teleportation (42 gold).
  4159 | D:6      | Bought a scroll of teleportation for 42 gold pieces
  4293 | D:6      | Reached skill level 9 in Ranged Weapons
  4359 | D:6      | 4359 ||| READING 2 scrolls of identify.
  4359 | D:6      | 4359 ||| IDENTIFYING golden potion
  4360 | D:6      | 4360 ||| READING scroll of identify.
  4360 | D:6      | 4360 ||| IDENTIFYING coppery potion
  4361 | D:6      | 4361 ||| DRINKING 2 brown potions.
  4362 | D:6      | 4362 ||| DRINKING 2 glowing emerald potions.
  4363 | D:6      | 4363 ||| DROPPING potion of attraction.
  4364 | D:6      | 4364 ||| DROPPING potion of degeneration.
  4423 | D:7      | Reached skill level 9 in Dodging
  4560 | D:7      | Reached * piety under Okawaru
  4623 | D:7      | Found a staircase to the Ecumenical Temple.
  4625 | D:7      | 4625 ||| RETREEEEATING.
  4632 | D:7      | 4632 ||| RETREEEEATING.
  4639 | D:7      | 4639 ||| RETREEEEATING.
  4640 | D:7      | 4640 ||| RETREEEEATING.
  4641 | D:7      | 4641 ||| RETREEEEATING.
  4643 | D:7      | 4643 ||| RETREEEEATING.
  4644 | D:7      | 4644 ||| RETREEEEATING.
  4646 | D:7      | 4646 ||| RETREEEEATING.
  4647 | D:7      | 4647 ||| RETREEEEATING.
  4648 | D:7      | 4648 ||| RETREEEEATING.
  4649 | D:7      | 4649 ||| RETREEEEATING.
  4656 | D:7      | Reached skill level 1 in Invocations
  4669 | D:7      | Reached XP level 9. HP: 27/44 MP: 11/11
  4750 | D:7      | Found Ciul's Antique Weapon Shoppe.
  4759 | D:7      | 4759 ||| SHOPLISTING runed orcbow (182 gold, have 143).
  4802 | D:7      | Reached ** piety under Okawaru
  4841 | D:7      | Reached skill level 3 in Invocations
  5228 | D:7      | 5228 ||| READING scroll labelled LAYSTE HEXZAFENNA.
  5329 | D:7      | 5329 ||| READING scroll labelled BILYSY PUNGEC.
  5330 | D:7      | 5330 ||| READING scroll labelled VEBBIO JARIMUNN.
  5431 | D:7      | 5431 ||| DROPPING wand of flame (11).
  5474 | D:8      | Found Ackaz's Self-Published Books.
  5615 | D:8      | 5615 ||| READING scroll labelled FUICIM BAWU.
  5615 | D:8      | 5615 ||| BRANDING +1 orcbow.
  5683 | D:8      | 5683 ||| READING scroll of brand weapon.
  5683 | D:8      | 5683 ||| BRANDING +1 orcbow of flaming.
  5697 | D:8      | Noticed Maggie
  5698 | D:8      | 5698 ||| INVOKING Heroism.
  5708 | D:8      | Killed Maggie
  5794 | D:8      | Reached skill level 10 in Dodging
  5800 | D:8      | 5800 ||| RETREEEEATING.
  5801 | D:8      | 5801 ||| RETREEEEATING.
  5815 | D:8      | Reached *** piety under Okawaru
  5965 | D:8      | Reached skill level 11 in Dodging
  6080 | D:8      | Noticed Prince Ribbit
  6085 | D:8      | Killed Prince Ribbit
  6210 | D:8      | 6210 ||| UPGRADING to +0 steam dragon scales.
  6220 | D:8      | 6220 ||| DROPPING +0 robe.
  6221 | D:8      | 6221 ||| READING 3 scrolls of enchant armour.
  6221 | D:8      | 6221 ||| ENCHANTING +0 steam dragon scales.
  6222 | D:8      | 6222 ||| READING 2 scrolls of enchant armour.
  6222 | D:8      | 6222 ||| ENCHANTING +1 steam dragon scales.
  6223 | D:8      | 6223 ||| READING scroll of enchant armour.
  6223 | D:8      | 6223 ||| ENCHANTING +2 steam dragon scales.
  6323 | D:8      | Noticed Pikel
  6324 | D:8      | 6324 ||| RETREEEEATING.
  6325 | D:8      | 6325 ||| INVOKING Heroism.
  6333 | D:8      | Killed Pikel
  6333 | D:8      | Reached **** piety under Okawaru
  6334 | D:8      | Reached XP level 10. HP: 41/49 MP: 12/14
  6428 | D:9      | 6428 ||| INVOKING Finesse.
  6625 | D:9      | 6625 ||| RETREEEEATING.
  6629 | D:9      | 6629 ||| RETREEEEATING.
  6828 | D:9      | 6828 ||| RETREEEEATING.
  6829 | D:9      | 6829 ||| RETREEEEATING.
  6830 | D:9      | 6830 ||| RETREEEEATING.
  6832 | D:9      | 6832 ||| RETREEEEATING.
  6833 | D:9      | 6833 ||| RETREEEEATING.
  6834 | D:9      | 6834 ||| RETREEEEATING.
  6835 | D:9      | 6835 ||| RETREEEEATING.
  6836 | D:9      | 6836 ||| RETREEEEATING.
  6837 | D:9      | 6837 ||| RETREEEEATING.
  6838 | D:9      | 6838 ||| RETREEEEATING.
  6855 | D:9      | 6855 ||| RETREEEEATING.
  6856 | D:9      | 6856 ||| RETREEEEATING.
  6857 | D:9      | 6857 ||| RETREEEEATING.
  6991 | D:9      | Reached skill level 6 in Invocations
  7082 | D:9      | Reached ***** piety under Okawaru
  7124 | D:9      | Reached skill level 12 in Dodging
  7317 | D:9      | Found a staircase to the Lair.
  7627 | D:9      | 7627 ||| PLANNING LAIR
  7627 | D:9      | 7627 ||| READING 4 scrolls of identify.
  7627 | D:9      | 7627 ||| IDENTIFYING bubbling black potion
  7628 | D:9      | 7628 ||| READING 3 scrolls of identify.
  7628 | D:9      | 7628 ||| IDENTIFYING viscous sapphire potion
  7629 | D:9      | 7629 ||| READING 2 scrolls of identify.
  7629 | D:9      | 7629 ||| IDENTIFYING yellow potion
  7630 | D:9      | 7630 ||| READING scroll of identify.
  7630 | D:9      | 7630 ||| IDENTIFYING smoky green potion
  7631 | D:9      | 7631 ||| READING 3 scrolls labelled RIYTUS NUVVOAD.
  7632 | D:9      | 7632 ||| DRINKING 2 sedimented coppery potions.
  7633 | D:9      | 7633 ||| DROPPING potion of berserk rage.
  7634 | D:9      | 7634 ||| DROPPING potion of ambrosia.
  7635 | D:9      | 7635 ||| DROPPING potion of brilliance.
  7636 | D:9      | 7636 ||| DROPPING 2 scrolls of amnesia.
  7657 | Lair:1   | Entered Level 1 of the Lair of Beasts
  7789 | Lair:1   | Noticed Sonja
  7790 | Lair:1   | 7790 ||| INVOKING Finesse.
  7810 | Lair:1   | 7810 ||| INVOKING Finesse.
  7815 | Lair:1   | Killed Sonja
  7977 | Lair:1   | Reached XP level 11. HP: 53/53 MP: 17/17
  8011 | Lair:1   | 8011 ||| RETREEEEATING.
  8012 | Lair:1   | 8012 ||| RETREEEEATING.
  8022 | Lair:1   | 8022 ||| RETREEEEATING.
  8023 | Lair:1   | 8023 ||| INVOKING Finesse.
  8027 | Lair:1   | 8027 ||| RETREEEEATING.
  8048 | Lair:1   | Reached skill level 12 in Ranged Weapons
  8129 | Lair:1   | Received a gift from Okawaru
  8296 | Lair:1   | 8296 ||| RETREEEEATING.
  8297 | Lair:1   | 8297 ||| RETREEEEATING.
  8300 | Lair:1   | 8300 ||| RETREEEEATING.
  8367 | Lair:1   | Reached skill level 9 in Invocations
  8508 | Lair:1   | 8508 ||| READING scroll labelled MADAAT QADU.
  8640 | Lair:2   | Received a gift from Okawaru
  8685 | Lair:2   | Reached skill level 13 in Dodging
  8904 | Lair:2   | Noticed a six-headed hydra
  8905 | Lair:2   | 8905 ||| INVOKING Finesse.
  8911 | Lair:2   | Killed a six-headed hydra
  8960 | Lair:2   | Found a hole to the Spider Nest.
  9256 | Lair:3   | Received a gift from Okawaru
  9346 | Lair:3   | Identified the +1 ring mail of Ygeaw {*Slow rPois rC++}
  9366 | Lair:3   | 9366 ||| RETREEEEATING.
  9368 | Lair:3   | 9368 ||| RETREEEEATING.
  9369 | Lair:3   | 9369 ||| RETREEEEATING.
  9371 | Lair:3   | 9371 ||| RETREEEEATING.
  9377 | Lair:3   | Reached XP level 12. HP: 60/60 MP: 20/20
  9409 | Lair:3   | 9409 ||| INVOKING Finesse.
  9430 | Lair:3   | Reached ****** piety under Okawaru
  9508 | Lair:3   | 9508 ||| INVOKING Receive Weapon.
  9508 | Lair:3   | 9508 ||| ACQUIRING +1 hand cannon of freezing
  9508 | Lair:3   | Acquired a +1 hand cannon of freezing
  9508 | Lair:3   | Received a gift from Okawaru
  9509 | Lair:3   | 9509 ||| INVOKING Receive Armour.
  9509 | Lair:3   | 9509 ||| ACQUIRING +3 hat "Mezi Yxy" {Regen+ Str+2 Dex+3}
  9509 | Lair:3   | Acquired the +3 hat "Mezi Yxy" {Regen+ Str+2 Dex+3}
  9509 | Lair:3   | Received a gift from Okawaru
  9511 | Lair:3   | 9511 ||| SWAPPING to +1 hand cannon of freezing.
  9512 | Lair:3   | 9512 ||| DROPPING +1 heavy orcbow.
  9513 | Lair:3   | 9513 ||| READING scroll of brand weapon.
  9513 | Lair:3   | 9513 ||| BRANDING +1 hand cannon of freezing.
  9558 | Lair:3   | Found a staircase to the Swamp.
  9569 | Lair:3   | Reached skill level 14 in Dodging
  9571 | Lair:3   | HP: 15/60 [swamp dragon (4)]
  9572 | Lair:3   | 9572 ||| READING 3 scrolls of teleportation.
  9573 | Lair:3   | 9573 ||| DRINKING 2 potions of heal wounds.
  9574 | Lair:3   | 9574 ||| Stepping ~*~*~tactically~*~*~ (cloud).
  9576 | Lair:3   | 9576 ||| READING 2 scrolls of teleportation.
  9576 | Lair:3   | HP: 9/60 [poisoned by a swamp dragon (blast of poison)]
  9577 | Lair:3   | 9577 ||| DRINKING potion of heal wounds.
  9750 | Lair:3   | 9750 ||| RETREEEEATING.
  9751 | Lair:3   | 9751 ||| RETREEEEATING.
  9752 | Lair:3   | 9752 ||| RETREEEEATING.
  9753 | Lair:3   | 9753 ||| RETREEEEATING.
  9754 | Lair:3   | 9754 ||| RETREEEEATING.
  9757 | Lair:3   | Received a gift from Okawaru
  9759 | Lair:3   | 9759 ||| RETREEEEATING.
  9760 | Lair:3   | 9760 ||| RETREEEEATING.
  9761 | Lair:3   | 9761 ||| RETREEEEATING.
  9775 | Lair:3   | HP: 8/60 [elephant (9)]
  9776 | Lair:3   | 9776 ||| READING scroll of teleportation.
  9780 | Lair:3   | HP: 2/60 [rime drake/icy flash freeze (7)]
  9782 | Lair:3   | Noticed a four-headed hydra
  9783 | Lair:3   | 9783 ||| RETREEEEATING.
  9784 | Lair:3   | 9784 ||| INVOKING Finesse.
  9786 | Lair:3   | Killed from afar by a rime drake

Levels and vault maps discovered:
D:1:      minmay_arrival_glassed_features, layout_basic,
          hangedman_abyss_or_decor_lesser_grid
D:2:      layout_loops_ring, hangedman_decor_riveting, minmay_pentomino_z2
D:3:      layout_basic
D:4:      layout_rooms, uniq_natasha
D:5:      layout_loops_corners, serial_shops, shop, kennysheep_mini_moat, shop,
          wad_floor_pattern_untrapped, uniq_menkaure, uniq_ijyb
D:6:      layout_basic, okawaru_ov_weapons_minmay, serial_shops, shop,
          serial_bayou, serial_bayou_pond_e, serial_bayou_crossing,
          serial_bayou_pond_c, serial_bayou_pond_d
D:7:      layout_loops_cross, minmay_temple_entry_arrows, serial_shops, shop
D:8:      minmay_recursive_quarters, layout_rooms, serial_glass,
          glass_columns_b, glass_columns_b, small_statue_intersection,
          nicolae_custom_books, uniq_maggie, uniq_prince_ribbit1, uniq_pikel
D:9:      wad_woods_minihive, layout_loops_ring, lair_entry_dummy
Lair:1:   layout_roguey, columned_hall_lemuel, uniq_sonja
Lair:2:   layout_chaotic_city, spider_nest_entry_webs, minivault_27
Lair:3:   layout_gridlike, mainiacjoe_swamp_entry_lozenge_pond,
          infiniplex_staircase_pool_2, lemuel_fruit_fields, lemuel_fruit_tree,
          uniq_gastronok

Skill      XL: |  1  2  3  4  5  6  7  8  9 10 11 12 |
---------------+-------------------------------------+-----
Dodging        | 3 4 5 6 7 9 11 12 13 14 | 14.1
Ranged Weapons | 5 6 7 8 9 10 11 12 13 | 13.6
Fighting       | 2 3 4 5 |  5.0
Invocations    | 2 4 7 10 | 10.0
Armour         | 2 |  2.1
Stealth        | |  1.5

Action                     |  1- 3 |  4- 6 |  7- 9 | 10-12 || total
---------------------------+-------+-------+-------+-------++-------
   Fire: Shortbow          |   143 |    92 |    55 |       ||   290
         Orcbow            |       |       |   268 |   446 ||   714
         Hand cannon       |       |       |       |    45 ||    45
 Invoke: Heroism           |       |       |     2 |       ||     2
         Finesse           |       |       |       |     7 ||     7
         Receive Weapon    |       |       |       |     1 ||     1
         Receive Armour    |       |       |       |     1 ||     1
  Evoke: Wand              |       |     4 |       |       ||     4
    Use: Scroll            |     2 |     7 |    13 |    10 ||    32
         Potion            |     1 |     2 |     3 |     3 ||     9
 Armour: Robe              |     8 |    10 |    35 |       ||    53
         Steam dragon scal |       |       |     1 |    86 ||    87
  Dodge: Dodged            |    36 |    18 |   179 |   635 ||   868

Table legend:
 A = Non-vault XP
 B = Vault XP
 C = Vault XP percentage of total XP
 D = Non-vault monster count
 E = Vault monster count
 F = Vault count percentage of total count
                 A         B        C        D         E       F
            +---------+---------+-------+---------+---------+-------
      Total |   21248 |    6045 |  22.1 |     229 |      55 |  19.4
            +---------+---------+-------+---------+---------+-------
        D:1 |      26 |       0 |   0.0 |      17 |       0 |   0.0
        D:2 |      36 |       6 |  14.3 |      18 |       2 |  10.0
        D:3 |     241 |       0 |   0.0 |      17 |       0 |   0.0
        D:4 |     208 |      35 |  14.4 |      11 |       1 |   8.3
        D:5 |     461 |     211 |  31.4 |      20 |       2 |   9.1
        D:6 |     848 |       0 |   0.0 |      24 |       0 |   0.0
        D:7 |    1121 |       0 |   0.0 |      23 |       0 |   0.0
        D:8 |     461 |    2163 |  82.4 |      12 |      13 |  52.0
        D:9 |    1353 |    2000 |  59.6 |      31 |      32 |  50.8
     Lair:1 |    5933 |     785 |  11.7 |      24 |       1 |   4.0
     Lair:2 |    3799 |     553 |  12.7 |      12 |       3 |  20.0
     Lair:3 |    6761 |     292 |   4.1 |      20 |       1 |   4.8
            +---------+---------+-------+---------+---------+-------
